 Dungeon Crawl Stone Soup version 0.19-a0-1168-g98094fc (webtiles) character file.

2155 PurpleRed the Cleaver (level 9, -1/72 HPs)
             Began as a Human Berserker on Aug 15, 2016.
             Was a Priest of Trog.
             Slain by a killer bee (5 damage)
             ... on level 8 of the Dungeon.
             The game lasted 00:16:24 (1844 turns).

PurpleRed the Cleaver (Human Berserker)             Turns: 1844, Time: 00:16:25

Health: -1/72      AC: 27    Str: 25    XL:     9   Next: 56%
Magic:  9/9        EV:  7    Int: 10    God:    Trog [***...]
Gold:   145        SH:  0    Dex: 14    Spells: 0 memorised, 8 levels left

rFire  . . .     SeeInvis .     l - +0 war axe
rCold  + . .     Gourm    .     A - +8 orange crystal plate armour {Archmagi, Int+3 Clar}
rNeg   . . .     Faith    .     (no shield)
rPois  .         Spirit   .     E - +0 helmet
rElec  .         Dismiss  .     u - +0 cloak
rCorr  .         Reflect  .     (no gloves)
MR     ++...     Harm     .     (no boots)
Stlth  .......... Clarity  +    e - amulet of rage
                                t - ring of protection from cold
                                d - +2 ring of evasion

@: mighty, exhausted, regenerating
A: no striking features
a: Berserk, Trog's Hand, Burn Spellbooks, Renounce Religion, Evoke Berserk Rage


You were on level 8 of the Dungeon.
You worshipped Trog.
Trog was most pleased with you.
You were very hungry.

You visited 2 branches of the dungeon, and saw 9 of its levels.

You collected 190 gold pieces.
You spent 45 gold pieces at shops.

Inventory:

Hand Weapons
 a - a +1 hand axe
 l - a +0 war axe (weapon)
 v - a +0 battleaxe
Missiles
 j - 4 tomahawks (quivered)
Armour
 u - a +0 cloak (worn)
 w - a +0 chain mail
 A - the +8 orange crystal plate armour (worn) {Archmagi, Int+3 Clar}
   (You found it on level 6 of the Dungeon)

   It affects your intelligence (+3).
   It protects you against confusion.
 B - a +1 ring mail of cold resistance
 E - a +0 helmet (worn)
Jewellery
 d - a +2 ring of evasion (left hand)
 e - an amulet of rage (around neck)
 f - an uncursed ring of fire
 t - a ring of protection from cold (right hand)
Wands
 n - a wand of flame (13/48)
 x - a wand of confusion (20/48)
Scrolls
 r - a scroll of magic mapping
 z - a scroll of recharging
 G - a scroll of remove curse
Potions
 g - 2 potions of lignification
 k - a potion of brilliance
 m - a potion of mutation
 s - 2 potions of flight
 F - a potion of ambrosia {unknown}
Books
 p - a book of Alchemy

   Spells                             Type                      Level
   a - Sublimation of Blood           Necromancy                   2
   b - Ignite Poison                  Fire/Transmutation/Poison    3
   c - Petrify                        Transmutation/Earth          4
   d - Alistair's Intoxication        Transmutation/Poison         5
   e - Irradiate                      Conjuration/Transmutation    5
   Trog disapproves of the use of such an item.
Comestibles
 c - 3 bread rations
 h - a beef jerky
 i - 7 meat rations
 o - 4 fruits
 D - 3 chunks of flesh


   Skills:
 + Level 7.0 Fighting
 * Level 9.7 Axes
 + Level 4.7 Armour
 - Level 2.0 Dodging


You had 8 spell levels left.
You didn't know any spells.

Dungeon Overview and Level Annotations

Branches:
Dungeon (8/15)             Temple (1/1) D:5
   Lair: D:8-11

Altars:
Fedhas
Hepliaklqana
Makhleb
Pakellas
Vehumet

Shops:
D:5 [   D:6 [


Message History

* * * LOW HITPOINT WARNING * * *
The killer bee barely misses you.
The killer bee stings you but does no damage.
The killer bee stings you.
* * * LOW HITPOINT WARNING * * *
The killer bee stings you but does no damage.
You feel better. The killer bee stings you.
* * * LOW HITPOINT WARNING * * *
The killer bee stings you.
* * * LOW HITPOINT WARNING * * *
The killer bee stings you but does no damage. x3
The killer bee completely misses you.
Unknown command.
Okay, then.
You feel very mighty all of a sudden. The killer bee stings you.
* * * LOW HITPOINT WARNING * * *
The killer bee stings you but does no damage.
The killer bee stings you.
You die...

.........# ...#.
#.....##.#####...##
#.................####
#.....##..............
+.....#........y...#
#..................#.#
#...........#.....>..####
......#.....†.####.#.#..
####..........yy@# #.#.#####
#..#.#.#...yyy# #.#....<#+#.#
#...........yy# #...........#
##..#...#......# #........)..#
#..............#.#..<..........
#.....#.#.#......#..........###
###.............................
..........#...#...............###
######........#...............#


You could see 7 killer bees.

Vanquished Creatures
  A queen bee (D:8)
  A water moccasin (D:7)
  An orc warrior (D:5)
  A phantom (D:6)
  2 black bears
  A wasp (D:7)
  2 ogres (D:5)
  2 centaurs
  3 giant frogs (D:6)
  A wyvern zombie (D:6)
  2 scorpions
  5 killer bees (D:8)
  A crimson imp (D:7)
  A howler monkey (D:6)
  A centaur zombie (D:7)
  A hound (D:5)
  A giant frog skeleton (D:6)
  5 orc wizards
  An iguana (D:7)
  A worker ant (D:5)
  4 gnolls (D:5)
  3 adders
  A shadow imp (D:5)
  A dart slug (D:3)
  A giant gecko (D:5)
  16 orcs
  A giant cockroach (D:1)
  7 goblins
  4 hobgoblins
  4 jackals (D:5)
  A quokka (D:6)
  A ball python skeleton (D:5)
  3 bats
  2 giant newts
  7 kobolds
  A quokka skeleton (D:7)
  2 rats
93 creatures vanquished.

Notes
Turn   | Place    | Note
-------+----------+-------------------------------------------
     0 | D:1      | PurpleRed the Human Berserker began the quest for the Orb.
     0 | D:1      | Reached XP level 1. HP: 18/18 MP: 1/1
   111 | D:1      | Reached XP level 2. HP: 22/24 MP: 2/2
   231 | D:3      | Noticed a black bear
   244 | D:3      | Killed a black bear
   244 | D:3      | Reached skill level 4 in Axes
   244 | D:3      | Reached XP level 3. HP: 17/30 MP: 3/3
   244 | D:3      | Reached XP level 4. HP: 21/37 MP: 4/4
   244 | D:3      | Reached XP level 5. HP: 25/42 MP: 5/5
   398 | D:3      | Reached ** piety under Trog
   477 | D:5      | Entered Level 5 of the Dungeon
   488 | D:5      | Noticed an ogre
   494 | D:5      | Killed an ogre
   494 | D:5      | Reached skill level 5 in Axes
   494 | D:5      | Reached XP level 6. HP: 23/48 MP: 6/6
   501 | D:5      | Noticed an orc warrior
   685 | D:5      | Noticed an ogre
   692 | D:5      | Killed an ogre
   692 | D:5      | Reached skill level 6 in Axes
   706 | D:5      | Found a staircase to the Ecumenical Temple.
   718 | Temple   | Entered the Ecumenical Temple
   760 | D:5      | Found a radiant altar of Vehumet.
   780 | D:5      | Reached XP level 7. HP: 25/55 MP: 7/7
   824 | D:5      | Found Akimmono's Armour Emporium.
   845 | D:5      | Bought a +0 cloak for 45 gold pieces
   882 | D:5      | Reached skill level 5 in Fighting
   928 | D:5      | Reached skill level 7 in Axes
  1004 | D:6      | Reached XP level 8. HP: 44/63 MP: 8/8
  1107 | D:6      | Found an oddly glowing altar of Pakellas.
  1119 | D:6      | Found Dubbi's Armour Shop.
  1169 | D:7      | Reached skill level 8 in Axes
  1427 | D:6      | Reached XP level 9. HP: 35/71 MP: 9/9
  1533 | D:6      | Reached *** piety under Trog
  1639 | D:6      | Reached skill level 9 in Axes
  1810 | D:8      | Noticed a queen bee
  1827 | D:8      | Killed a queen bee
  1844 | D:8      | Slain by a killer bee

Vault maps used:
D:1:      ldierk_water_garden
D:2:      first_bread, minmay_misc_feat_x
D:3:      kennysheep_flooded_box, serial_bayou_pond_b, corexii_shack,
          due_unseen_surprise, uniq_natasha
D:5:      serial_shops, nicolae_shop_stone, vehumet_altar_wand_db
D:6:      corexii_shack_village, grunt_pakellas_sulfur, serial_shops, shop,
          kennysheep_nondescript, minmay_misc_feat_pillars
D:8:      basic_altar, david_nohive_1, minmay_crystal_room, grunt_ministairs_3,
          hangedman_decor_lopped
Temple:   compressed_dpeg_circular_temple

Skill      XL: |  1  2  3  4  5  6  7  8  9 |
---------------+----------------------------+-----
Axes           | 4 5 6 7 8 9 |  9.7
Fighting       | 4 5 6 7 |  7.0
Armour         | 3 4 |  4.7
Dodging        | |  2.0

Action                   |  1- 3 |  4- 6 |  7- 9 || total
-------------------------+-------+-------+-------++-------
Melee: Hand axe          |    24 |    61 |       ||    85
       War axe           |       |     7 |   213 ||   220
Invok: Berserk           |     2 |     3 |     9 ||    14
       Trog's Hand       |       |     1 |     3 ||     4
  Use: Scroll            |       |     8 |     6 ||    14
       Potion            |       |     2 |     5 ||     7
 Stab: Sleeping          |       |     1 |       ||     1
  Eat: Chunk             |       |     4 |     9 ||    13
       Fruit             |       |     1 |       ||     1
       Bread ration      |       |       |     1 ||     1
Armor: Animal skin       |     5 |     1 |       ||     6
       Leather armour    |       |     3 |       ||     3
       Ring mail         |       |    11 |     1 ||    12
       Chain mail        |       |       |    71 ||    71
       Crystal plate arm |       |       |   150 ||   150
Dodge: Dodged            |    29 |    48 |   150 ||   227
